[Event "WYCC U18 Open 2019"]
[Site "Mumbai"]
[Date "2019.10.03"]
[Round "2.1"]
[White "Wang, Shixu B"]
[Black "Sargsyan, Shant"]
[Result "0-1"]
[ECO "E53"]
[WhiteElo "2370"]
[BlackElo "2580"]
[Annotator "ChessBase"]
[PlyCount "88"]
[EventDate "2019.10.02"]
[EventType "swiss"]
[EventCountry "IND"]
[SourceTitle "playchess.com"]
[Source "ChessBase"]
[SourceQuality "1"]
[TimeControl "40/5400+30:1800+30"]

1. d4 Nf6 2. c4 e6 3. Nf3 d5 4. Nc3 Bb4 5. e3 O-O 6. Bd3 c5 7. O-O b6 8. cxd5 exd5 9. Ne5 Bxc3 10. bxc3 Ba6 11. dxc5 Qc7 12. Nf3 Qxc5 13. a4 Qxc3 14. Ra3 Qb4 15. Nd4 Bc4 16. Ra1 Bxd3 17. Qxd3 Re8 18. Ba3 Qxa4 19. Nb5 Qc4 20. Qxc4 dxc4 21. Nc7 Nbd7 22. Rfd1 Rec8 23. Nxa8 Rxa8 24. Be7 h5 25. Ra6 Ne5 26. Bxf6 gxf6 27. Rda1 b5 28. Kf1 c3 29. Ke2 b4 30. f4 Nc4 31. Kd3 Nb2+ 32. Kc2 Re8 33. Re1 Re7 34. e4 Rd7 35. Re2 Rb7 36. Re1 Rd7 37. Re2 Nd3 38. g3 Nc5 39. Rc6 Ne6 40. Rc8+ Kg7 41. Rf2 Nd4+ 42. Kd3 a5 43. Ra8 Ne2+ 44. Kxe2 Rd2+ 0-1

[Event "WYCC U18 Open 2019"]
[Site "Mumbai"]
[Date "2019.10.03"]
[Round "2.2"]
[White "Praggnanandhaa, R."]
[Black "Kozak, Antoni"]
[Result "1-0"]
[ECO "A05"]
[WhiteElo "2567"]
[BlackElo "2354"]
[Annotator "ChessBase"]
[PlyCount "80"]
[EventDate "2019.10.02"]
[EventType "swiss"]
[EventCountry "IND"]
[SourceTitle "playchess.com"]
[Source "ChessBase"]
[SourceQuality "1"]
[TimeControl "40/5400+30:1800+30"]

1. Nf3 Nf6 2. g3 c5 3. Bg2 Nc6 4. O-O e5 5. e4 Be7 6. d3 O-O 7. Nc3 d6 8. Nd5 Nxd5 9. exd5 Nd4 10. Nd2 Bg5 11. a4 b6 12. f4 exf4 13. Ne4 h6 14. Bxf4 Bxf4 15. Rxf4 Nf5 16. Qd2 Ne7 17. Rf6 Nf5 18. g4 gxf6 19. gxf5 Kg7 20. Ng3 Kh7 21. Kh1 Rg8 22. Qf2 Rb8 23. Re1 Rxg3 24. hxg3 Rb7 25. Re4 Re7 26. Rg4 Re5 27. Be4 Bb7 28. c4 Bc8 29. Qf4 Qf8 30. Kg2 Bd7 31. b3 Qh8 32. Rh4 Kg7 33. Rh3 Kf8 34. Rxh6 Qg7 35. Rh5 Ke7 36. Qh4 Be8 37. Kf3 Bd7 38. Kf4 a6 39. Rh7 Qg8 40. Rh8 Qg7 1-0

[Event "WYCC U18 Open 2019"]
[Site "Mumbai"]
[Date "2019.10.03"]
[Round "2.3"]
[White "Stoleriu, George"]
[Black "Gholami, Aryan"]
[Result "0-1"]
[ECO "B10"]
[WhiteElo "2351"]
[BlackElo "2554"]
[Annotator "ChessBase"]
[PlyCount "130"]
[EventDate "2019.10.02"]
[EventType "swiss"]
[EventCountry "IND"]
[SourceTitle "playchess.com"]
[Source "ChessBase"]
[SourceQuality "1"]
[TimeControl "40/5400+30:1800+30"]

1. e4 c6 2. Nf3 d5 3. exd5 cxd5 4. Ne5 Nf6 5. d4 g6 6. Bb5+ Nbd7 7. O-O Bg7 8. Re1 O-O 9. Nxd7 Bxd7 10. Bd3 Bg4 11. f3 Bd7 12. c3 b5 13. Nd2 b4 14. cxb4 Qb6 15. Nb3 Qxb4 16. Bd2 Qd6 17. a3 Ba4 18. Bb4 Qb6 19. Bc2 Rfb8 20. Nc5 Bxc2 21. Qxc2 e6 22. Kh1 Qc6 23. Rec1 a5 24. Bc3 Ne8 25. a4 Nd6 26. Ra3 Nc4 27. Rb3 Rxb3 28. Qxb3 e5 29. Qd1 exd4 30. Bxd4 Nxb2 31. Qg1 Nc4 32. Bxg7 Kxg7 33. Qd4+ f6 34. Rb1 Rc8 35. Rb7+ Kg8 36. h3 Nd6 37. Rd7 Nf5 38. Qxd5+ Qxd5 39. Rxd5 Ne3 40. Rd3 Nxg2 41. Ne4 Nf4 42. Rd7 Rc6 43. h4 f5 44. Ng5 Rc4 45. Kh2 Nh5 46. Kh3 h6 47. Nf7 Rf4 48. Nxh6+ Kf8 49. Kg2 Rxh4 50. Nf7 Rxa4 51. Ne5 Ra2+ 52. Kh3 Nf4+ 53. Kh4 Rg2 54. Nf7 Kg7 55. Ng5+ Kf6 56. Rd6+ Ke7 57. Ra6 Ne2 58. Ne6 a4 59. Kh3 Rg3+ 60. Kh4 Rxf3 61. Kg5 Rg3+ 62. Kh6 a3 63. Ng5 Nf4 64. Ra4 Ne6 65. Ra7+ Kf6 0-1

[Event "WYCC U18 Open 2019"]
[Site "Mumbai"]
[Date "2019.10.03"]
[Round "2.4"]
[White "Aliyev, Ravan"]
[Black "Iniyan, P."]
[Result "0-1"]
[ECO "E32"]
[WhiteElo "2341"]
[BlackElo "2509"]
[Annotator "ChessBase"]
[PlyCount "79"]
[EventDate "2019.10.02"]
[EventType "swiss"]
[EventCountry "IND"]
[SourceTitle "playchess.com"]
[Source "ChessBase"]
[SourceQuality "1"]
[TimeControl "40/5400+30:1800+30"]

1. d4 Nf6 2. c4 e6 3. Nc3 Bb4 4. Qc2 O-O 5. a3 Bxc3+ 6. Qxc3 b6 7. Bg5 Bb7 8. Nf3 d6 9. Nd2 h6 10. Bh4 Nbd7 11. f3 c5 12. e4 Rc8 13. Bd3 d5 14. exd5 exd5 15. O-O Qc7 16. Bg3 Qc6 17. Rac1 Rfd8 18. Bf5 g6 19. Bh3 Nh5 20. Rfd1 f5 21. Qe3 Qf6 22. dxc5 Kh7 23. cxd5 Nxg3 24. hxg3 Nxc5 25. b4 Na4 26. Rxc8 Rxc8 27. Re1 Bxd5 28. g4 f4 29. Qe7+ Qxe7 30. Rxe7+ Kg8 31. g5 Rc2 32. Ne4 Bxe4 33. fxe4 hxg5 34. Rxa7 Nc3 35. Rg7+ Kxg7 36. e5 Ne2+ 37. Kf2 Ng3+ 38. Ke1 Re2+ 39. Kd1 Rxe5 40. Bd7 0-1

[Event "WYCC U18 Open 2019"]
[Site "Mumbai"]
[Date "2019.10.03"]
[Round "2.5"]
[White "Gumularz, Szymon"]
[Black "Chylewski, Patryk"]
[Result "1/2-1/2"]
[ECO "A05"]
[WhiteElo "2505"]
[BlackElo "2348"]
[Annotator "ChessBase"]
[PlyCount "63"]
[EventDate "2019.10.02"]
[EventType "swiss"]
[EventCountry "IND"]
[SourceTitle "playchess.com"]
[Source "ChessBase"]
[SourceQuality "1"]
[TimeControl "40/5400+30:1800+30"]

1. Nf3 Nf6 2. g3 d5 3. Bg2 c6 4. c4 Bf5 5. b3 e6 6. Bb2 Nbd7 7. O-O Be7 8. d3 h6 9. Nbd2 O-O 10. Rc1 a5 11. a3 Bh7 12. Rc2 Ne8 13. Qa1 Bf6 14. Rfc1 Bxb2 15. Qxb2 Qf6 16. b4 Qxb2 17. Rxb2 axb4 18. axb4 Nd6 19. Nd4 Ra4 20. cxd5 cxd5 21. Rc7 Nb6 22. f4 Rc8 23. Rxc8+ Nbxc8 24. Kf2 Nb6 25. Nb1 Kf8 26. Nc3 Ra8 27. Ncb5 Ke7 28. Nxd6 Kxd6 29. Ke3 Bg6 30. Bf3 Kd7 31. Nb3 Ra3 32. Nc5+ 1/2-1/2

[Event "WYCC U18 Open 2019"]
[Site "Mumbai"]
[Date "2019.10.03"]
[Round "2.6"]
[White "Om, Kharola"]
[Black "Pultinevicius, Paulius"]
[Result "1/2-1/2"]
[ECO "C47"]
[WhiteElo "2328"]
[BlackElo "2503"]
[Annotator "ChessBase"]
[PlyCount "116"]
[EventDate "2019.10.02"]
[EventType "swiss"]
[EventCountry "IND"]
[SourceTitle "playchess.com"]
[Source "ChessBase"]
[SourceQuality "1"]
[TimeControl "40/5400+30:1800+30"]

1. e4 e5 2. Nf3 Nc6 3. Nc3 Nf6 4. a3 g6 5. Bc4 Bg7 6. d3 h6 7. h3 d6 8. Be3 Nd7 9. d4 exd4 10. Nxd4 O-O 11. O-O Re8 12. Qd2 Nb6 13. Bb5 Bd7 14. Bxc6 bxc6 15. Bxh6 Nc4 16. Qe2 Nxb2 17. Bxg7 Kxg7 18. Rab1 Qf6 19. Rxb2 Qxd4 20. Qd3 Qe5 21. Rb7 Rec8 22. f4 Qc5+ 23. Kh1 Rab8 24. Na4 Qa5 25. Qd4+ Kg8 26. Rxa7 c5 27. Rxa5 cxd4 28. Rd1 c5 29. e5 Bf5 30. Rd2 dxe5 31. fxe5 c4 32. Rxd4 c3 33. Rb4 Rxb4 34. axb4 Bxc2 35. Rc5 Rxc5 36. Nxc5 Be4 37. Kg1 Kf8 38. Kf2 c2 39. Nb3 Ke7 40. g3 Bd5 41. Nc1 Ke6 42. Ke3 Bg2 43. Nd3 Bf1 44. Nc5+ Kxe5 45. Kd2 Bxh3 46. Kxc2 Kf5 47. Nd3 Bf1 48. b5 Ke4 49. Nc5+ Ke3 50. b6 Bg2 51. Nd7 f5 52. Ne5 g5 53. Nf7 Be4+ 54. Kc3 f4 55. gxf4 gxf4 56. Ng5 Bb7 57. Kc4 f3 58. Nxf3 Kxf3 1/2-1/2

[Event "WYCC U18 Open 2019"]
[Site "Mumbai"]
[Date "2019.10.03"]
[Round "2.7"]
[White "Arjun, Kalyan"]
[Black "Krishnater, Kushager"]
[Result "1/2-1/2"]
[ECO "B56"]
[WhiteElo "2483"]
[BlackElo "2333"]
[Annotator "ChessBase"]
[PlyCount "62"]
[EventDate "2019.10.02"]
[EventType "swiss"]
[EventCountry "IND"]
[SourceTitle "playchess.com"]
[Source "ChessBase"]
[SourceQuality "1"]
[TimeControl "40/5400+30:1800+30"]

1. e4 c5 2. Nf3 Nc6 3. d4 cxd4 4. Nxd4 Nf6 5. Nc3 d6 6. f3 e5 7. Nb3 Be7 8. Be3 O-O 9. Qd2 Be6 10. Nd5 a5 11. Bb6 Qd7 12. Nxa5 Bxd5 13. exd5 Nxa5 14. Bxa5 e4 15. Bc4 Rfc8 16. Bb3 e3 17. Qb4 Rc5 18. Bb6 Nxd5 19. Bxd5 Rxd5 20. Bxe3 Rb5 21. Qd2 Rxb2 22. O-O Qc6 23. Rf2 Bf6 24. Rd1 Raxa2 25. Qxd6 Qxd6 26. Rxd6 Rxc2 27. g4 Rxf2 28. Bxf2 Kf8 29. h4 Ke8 30. Rd5 Bc3 31. Be3 g6 1/2-1/2

[Event "WYCC U18 Open 2019"]
[Site "Mumbai"]
[Date "2019.10.03"]
[Round "2.8"]
[White "Vanczak, Tamas"]
[Black "Rahul, Srivatshav P"]
[Result "1/2-1/2"]
[ECO "A45"]
[WhiteElo "2327"]
[BlackElo "2460"]
[Annotator "ChessBase"]
[PlyCount "62"]
[EventDate "2019.10.02"]
[EventType "swiss"]
[EventCountry "IND"]
[SourceTitle "playchess.com"]
[Source "ChessBase"]
[SourceQuality "1"]
[TimeControl "40/5400+30:1800+30"]

1. d4 Nf6 2. Bg5 g6 3. Bxf6 exf6 4. c4 f5 5. g3 c5 6. Nc3 Bg7 7. dxc5 Na6 8. Qd6 Qa5 9. Rc1 Nxc5 10. Bg2 Qb4 11. Rc2 a5 12. a3 Ne4 13. axb4 Bxc3+ 14. Rxc3 Nxd6 15. b5 Ne4 16. Re3 O-O 17. Bxe4 fxe4 18. Rxe4 d5 19. cxd5 Bf5 20. Re7 Rfe8 21. Rxe8+ Rxe8 22. f3 Bd3 23. b6 Bc4 24. Kf2 Bxd5 25. Nh3 Re5 26. Nf4 Bc6 27. Nd3 Rb5 28. Ra1 Bd5 29. Rc1 Rxb6 30. Rc5 Be6 31. Rxa5 Bc4 1/2-1/2

[Event "WYCC U18 Open 2019"]
[Site "Mumbai"]
[Date "2019.10.03"]
[Round "2.12"]
[White "Zarubitski, Viachaslau"]
[Black "Manish, Anto Cristiano F"]
[Result "1-0"]
[ECO "E06"]
[WhiteElo "2435"]
[BlackElo "2320"]
[Annotator "NA"]
[PlyCount "156"]
[EventDate "2019.10.02"]
[EventType "swiss"]
[EventCountry "IND"]
[SourceTitle "playchess.com"]
[Source "ChessBase"]
[SourceQuality "1"]
[TimeControl "40/5400+30:1800+30"]

1. d4 Nf6 2. c4 e6 3. g3 d5 4. Bg2 Be7 5. Nf3 O-O 6. O-O dxc4 7. Qc2 a6 8. Qxc4 b5 9. Qc2 Bb7 10. Bd2 Nc6 11. e3 Nb4 12. Qd1 Nbd5 13. Ba5 Bb4 14. Bxb4 Nxb4 15. Nbd2 Rc8 16. Nb3 Nd7 17. a3 Nd5 18. Rc1 Qe7 19. Na5 Ba8 20. b4 N5b6 21. Re1 Rfd8 22. Qc2 e5 23. Nxe5 Bxg2 24. Kxg2 Nxe5 25. dxe5 c5 26. bxc5 Nc4 27. Nxc4 Rxc5 28. Qe2 Rdc8 29. Nd6 Rxc1 30. Nxc8 Rxc8 31. Qb2 Qb7+ 32. Kg1 Qd5 33. Rc1 Rxc1+ 34. Qxc1 g6 35. Qc8+ Kg7 36. Qxa6 Qd1+ 37. Kg2 Qd5+ 38. Kh3 Qxe5 39. Qc6 Qb2 40. Kg2 Qxa3 41. Qxb5 Qa8+ 42. Kg1 Qa1+ 43. Kg2 Qa8+ 44. Kg1 Qa1+ 45. Qf1 Qc3 46. Qd1 Qc6 47. Qd4+ Kg8 48. Qd8+ Kg7 49. Qd4+ Kg8 50. e4 h5 51. Qd8+ Kg7 52. Qd4+ Kg8 53. h4 Qb5 54. Qd8+ Kg7 55. Qd4+ Kg8 56. Kg2 Qe2 57. Qd8+ Kg7 58. Qe8 Qd3 59. Qe5+ Kg8 60. Qb8+ Kg7 61. Qf4 Kg8 62. Qf3 Qd2 63. Kg1 Qe1+ 64. Kh2 Kg7 65. Kg2 Kg8 66. Qd3 Kg7 67. Qd4+ Kf8 68. Kf3 Ke7 69. Qc5+ Ke6 70. Qd5+ Ke7 71. Qe5+ Kd7 72. Qb2 Ke7 73. Kf4 Ke6 74. Kg5 Qa5+ 75. Kh6 Qc7 76. Kg7 f5+ 77. Kxg6 fxe4 78. Qf6+ Kd5 1-0

[Event "WYCC U18 Open 2019"]
[Site "Mumbai"]
[Date "2019.10.03"]
[Round "2.13"]
[White "Beukema, Jasper"]
[Black "Mitrabha, Guha"]
[Result "1/2-1/2"]
[ECO "A61"]
[WhiteElo "2265"]
[BlackElo "2434"]
[Annotator "NA"]
[PlyCount "74"]
[EventDate "2019.10.02"]
[EventType "swiss"]
[EventCountry "IND"]
[SourceTitle "playchess.com"]
[Source "ChessBase"]
[SourceQuality "1"]
[TimeControl "40/5400+30:1800+30"]

1. d4 Nf6 2. c4 e6 3. Nf3 c5 4. d5 exd5 5. cxd5 d6 6. Nc3 g6 7. Nd2 Bg7 8. Nc4 O-O 9. Bf4 Ne8 10. g3 b6 11. a4 Ba6 12. Nb5 Bxb5 13. axb5 Nd7 14. Bg2 Qe7 15. O-O Ne5 16. Bxe5 Bxe5 17. Qd3 Nc7 18. f4 Bg7 19. e4 Nxb5 20. Nxb6 axb6 21. Qxb5 Qf6 22. Rxa8 Rxa8 23. Qc6 Qd4+ 24. Kh1 Ra2 25. e5 Qxb2 26. Rg1 Ra1 27. Qe8+ Bf8 28. e6 Ra7 29. Qb8 Ra1 30. e7 Rxg1+ 31. Kxg1 Qd4+ 32. Kf1 Qd1+ 33. Kf2 Qd2+ 34. Kf1 Qd3+ 35. Kf2 Qd2+ 36. Kf1 Qd3+ 37. Kf2 Qd2+ 1/2-1/2

[Event "WYCC U18 Open 2019"]
[Site "Mumbai"]
[Date "2019.10.03"]
[Round "2.14"]
[White "Chuang, James"]
[Black "Mendonca, Leon Luke"]
[Result "0-1"]
[ECO "A05"]
[WhiteElo "1405"]
[BlackElo "2388"]
[Annotator "NA"]
[PlyCount "70"]
[EventDate "2019.10.02"]
[EventType "swiss"]
[EventCountry "IND"]
[SourceTitle "playchess.com"]
[Source "ChessBase"]
[SourceQuality "1"]
[TimeControl "40/5400+30:1800+30"]

1. Nf3 Nf6 2. c4 b6 3. g3 Bb7 4. Bg2 e6 5. O-O Be7 6. d3 d5 7. cxd5 exd5 8. Nbd2 O-O 9. b3 c5 10. d4 Re8 11. Bb2 Bf8 12. Rc1 Nbd7 13. e3 Rc8 14. Re1 h6 15. Nh4 Rc7 16. Ndf3 c4 17. Ne5 b5 18. Re2 Nb6 19. Rec2 a6 20. f4 b4 21. bxc4 dxc4 22. Bxb7 Rxb7 23. Nxc4 Nxc4 24. Rxc4 Rbe7 25. Nf5 Re4 26. d5 Rxc4 27. Rxc4 Qxd5 28. Qxd5 Nxd5 29. Bd4 g6 30. e4 Rxe4 31. Nh4 Ne3 32. Bxe3 Rxc4 33. Nf3 Rc2 34. Ne5 Rxa2 35. Nc4 b3 0-1

[Event "WYCC U18 Open 2019"]
[Site "Mumbai"]
[Date "2019.10.03"]
[Round "2.15"]
[White "Elashvili, Giorgi"]
[Black "Davtyan, Artur"]
[Result "0-1"]
[ECO "C81"]
[WhiteElo "1937"]
[BlackElo "2418"]
[Annotator "NA"]
[PlyCount "63"]
[EventDate "2019.10.02"]
[EventType "swiss"]
[EventCountry "IND"]
[SourceTitle "playchess.com"]
[Source "ChessBase"]
[SourceQuality "1"]
[TimeControl "40/5400+30:1800+30"]

1. e4 e5 2. Nf3 Nc6 3. Bb5 a6 4. Ba4 Nf6 5. O-O Nxe4 6. d4 b5 7. Bb3 d5 8. dxe5 Be6 9. Qe2 Be7 10. Rd1 Na5 11. Nbd2 Nxd2 12. Bxd2 Nxb3 13. cxb3 c5 14. b4 cxb4 15. Nd4 Qd7 16. Rac1 O-O 17. Nc6 Rfc8 18. Nxe7+ Qxe7 19. b3 h6 20. Be3 Qd7 21. Rc5 Rxc5 22. Bxc5 a5 23. Qe3 Qc7 24. Rc1 Rc8 25. Qd4 Qd7 26. f3 Rc6 27. Kf2 Bf5 28. Rd1 Qc8 29. Rc1 Bb1 30. Qxd5 Bxa2 31. Kg3 a4 32. e6 0-1

[Event "WYCC U18 Open 2019"]
[Site "Mumbai"]
[Date "2019.10.03"]
[Round "2.16"]
[White "Aditya, Mittal"]
[Black "Stijve, Theo"]
[Result "1-0"]
[ECO "D85"]
[WhiteElo "2430"]
[BlackElo "2293"]
[Annotator "NA"]
[PlyCount "81"]
[EventDate "2019.10.02"]
[EventType "swiss"]
[EventCountry "IND"]
[SourceTitle "playchess.com"]
[Source "ChessBase"]
[SourceQuality "1"]
[TimeControl "40/5400+30:1800+30"]

1. d4 Nf6 2. c4 g6 3. Nc3 d5 4. cxd5 Nxd5 5. e4 Nxc3 6. bxc3 Bg7 7. Nf3 c5 8. Be3 Qa5 9. Bd2 Qa3 10. Bb5+ Nc6 11. Qb3 Qxb3 12. axb3 cxd4 13. Nxd4 Bd7 14. Nxc6 Bxc6 15. Bxc6+ bxc6 16. Ra5 Kd7 17. Ke2 Rhb8 18. b4 Rb5 19. Ra6 Rb6 20. Ra4 Kc7 21. Rha1 Kb7 22. R1a3 a6 23. Be3 Rb5 24. Bc5 e6 25. c4 Rxc5 26. bxc5 Bd4 27. Rb3+ Kc7 28. Ra5 Rf8 29. e5 f5 30. f4 g5 31. Rh3 Rf7 32. Rd3 Bxc5 33. Rxa6 Kb7 34. Ra5 Bb6 35. Rb3 Kc7 36. Ra6 Bd4 37. fxg5 Rg7 38. h4 h6 39. Ra8 hxg5 40. c5 Bxc5 41. Rab8 1-0